 Dungeon Crawl Stone Soup version 0.30-a0-964-gd452b5e7fa (webtiles) character file.

Game seed: 16435567674474887352

198 vishdafish the Conjurer (level 5, -1/35 HPs)
             Began as a Demonspawn Conjurer on Mar 30, 2023.
             Killed from afar by an orc wizard (9 damage)
             ... with a magic dart
             ... on level 4 of the Dungeon.
             The game lasted 00:02:23 (3282 turns).

vishdafish the Conjurer (Demonspawn Conjurer)       Turns: 3282, Time: 00:02:23

Health: -1/35      AC:  2    Str:  7    XL:     5   Next: 47%
Magic:  4/11       EV: 12    Int: 21    God:
Gold:   224        SH:  0    Dex: 12    Spells: 11/12 levels left

rFire   . . .      SeeInvis .    (no weapon)
rCold   . . .      Faith    .    (no shield)
rNeg    . . .      Spirit   .    a - +0 robe
rPois   .          Reflect  .    (helmet restricted)
rElec   .          Rampage  .    (no cloak)
rCorr   .                        (no gloves)
Will    .....                    (no boots)
Stlth   ++                       (no amulet)
HPRegen 0.25/turn                (no ring)
MPRegen 0.12/turn                (no ring)

@: no status effects
A: antennae 1
a: no special abilities


You were on level 4 of the Dungeon.
You visited 1 branch of the dungeon, and saw 4 of its levels.

You collected 224 gold pieces.

Inventory:

Armour
 a - a +0 robe (worn)
Wands
 i - a wand of flame (12)
Scrolls
 c - 2 scrolls of enchant armour {unknown}
 d - 3 scrolls of fog {unknown}
 e - a scroll of poison {unknown}
 h - a scroll of vulnerability {unknown}
 j - 2 scrolls of identify {unknown}
 k - 3 scrolls of fear {unknown}
 m - a scroll of immolation {unknown}
 n - 2 scrolls of teleportation {unknown}
 o - a scroll of noise {unknown}
Potions
 b - a potion of degeneration {unknown}
 f - 4 potions of attraction {unknown}
 g - 2 potions of curing {unknown}
 l - 2 potions of flight {unknown}


   Skills:
 - Level 1.7 Dodging
 - Level 1.7 Stealth
 + Level 4.0 Spellcasting
 + Level 5.5 Conjurations


You had 11 spell levels left.
You knew the following spells:

 Your Spells              Type           Power      Damage    Failure   Level
a - Magic Dart            Conj           100%       1d8       1%          1

Your spell library contained the following spells:

 Spells                   Type           Power      Damage    Failure   Level
 Searing Ray              Conj           54%        2d6       1%          2
 Apportation              Tloc           8%         N/A       12%         1
 Necrotise                Necr           16%        1d4       12%         1
 Summon Small Mammal      Summ           16%        N/A       12%         1
 Dazzling Flash           Conj/Hex       30%        N/A       12%         3
 Fulminant Prism          Conj/Hex       7%         3d6       36%         4
 Iskenderun's Mystic Bla  Conj/Tloc      15%        2d5       36%         4


Dungeon Overview and Level Annotations

Branches:
Dungeon (4/15)
 Temple: D:4-7

Altars:
Fedhas

Annotations:
D:3 1 runed translucent door, MrClown's ghost, amateur DsNe


Innate Abilities, Weirdness & Mutations

You have a pair of small antennae on your head.


Message History

The magic dart hits the orc priest but does no damage.
The orc priest is severely wounded.
The orc priest hits you with a +0 war axe.
The magic dart hits the orc priest but does no damage.
The orc priest is severely wounded.
The orc priest hits you with a +0 war axe!
You are too injured to fight recklessly!
Aiming: Magic Dart (safe; 1% risk of failure)
Press: ? - help, Q - select action, (/) - cycle Shift-Dir - straight line, f/p - orc priest
Aim: an orc priest, wielding a +0 war axe and wearing a +0 leather armour (severely wounded, 100% to hit)
The magic dart hits the orc priest.
The orc priest is almost dead.
The orc priest misses you.
Aiming: Magic Dart (safe; 1% risk of failure)
Press: ? - help, Q - select action, (/) - cycle Shift-Dir - straight line, f/p - orc priest
Aim: an orc priest, wielding a +0 war axe and wearing a +0 leather armour (almost dead, 100% to hit)
The magic dart hits the orc priest.
The orc priest is almost dead.
The orc priest closely misses you. The orc completely misses you.
Aiming: Magic Dart (safe; 1% risk of failure)
Press: ? - help, Q - select action, (/) - cycle Shift-Dir - straight line, f/p - orc priest
Aim: an orc priest, wielding a +0 war axe and wearing a +0 leather armour (almost dead, 100% to hit)
The magic dart hits the orc priest.
You kill the orc priest!
The orc wizard mumbles some strange words.
The orc wizard flickers and vanishes!
Deactivating autopickup; reactivate with Ctrl-A.
The orc misses you.
Your Spellcasting skill increases to level 4!
The orc attacks as you move away! The orc hits you with a +0 hand axe.
The orc attacks as you move away! The orc barely misses you.
Something tries to affect you, but you resist.
The orc attacks as you move away! The orc hits you with a +0 hand axe.
The orc attacks as you move away! The orc completely misses you.
Something tries to affect you, but you resist.
The orc attacks as you move away! The orc hits you with a +0 hand axe.
* * * LOW HITPOINT WARNING * * *
A magic dart appears from out of thin air!
The magic dart hits you!
You die...

.#.#####.## .#.#
#..## ##.# ##..#
'..# ##.## ########
#### #..###
####....... #
#....####
####....#####.
#######
#....'..###..{.####
## ......#
#....##.#...#†.#
......#
#....##@.o..##.#
......#
#....###.####...#
......# #....# #.#
....# #######
#....# #.# ......#
#....# #.. .._.....
#....# ###
.......##


You could see an orc.

Vanquished Creatures
  A phantom (D:4)
  An orc priest (D:4)
  An iguana (D:4)
  2 adders (D:3)
  A worm (D:3)
  4 orcs (D:3)
  3 endoplasms
  3 giant cockroaches (D:3)
  4 goblins
  3 hobgoblins
  3 quokkas
  5 ball pythons
  6 bats
  A frilled lizard (D:2)
  4 kobolds
  8 rats (D:1)
50 creatures vanquished.

Vanquished Creatures (others)
  10 toadstools (D:4)
10 creatures vanquished.

Grand Total: 60 creatures vanquished

Notes
Turn   | Place    | Note
-------+----------+-------------------------------------------
     0 | D:1      | vishdafish the Demonspawn Conjurer began the quest for the
                  | Orb.
     0 | D:1      | Reached XP level 1. HP: 13/13 MP: 3/3
   723 | D:1      | Gained mutation: You have a pair of small antennae on your
                  | head. [demonic ancestry]
   723 | D:1      | Reached XP level 2. HP: 19/19 MP: 1/5
  2114 | D:3      | Reached XP level 3. HP: 24/24 MP: 4/7
  2169 | D:3      | Found a runed translucent door.
  2174 | D:3      | Noticed MrClown's ghost (amateur DsNe)
  2752 | D:3      | Reached XP level 4. HP: 30/30 MP: 1/8
  3027 | D:4      | Noticed a phantom
  3038 | D:4      | Killed a phantom
  3039 | D:4      | Reached skill level 5 in Conjurations
  3039 | D:4      | Reached XP level 5. HP: 18/35 MP: 7/10
  3242 | D:4      | Found a blossoming altar of Fedhas.
  3282 | D:4      | Killed from afar by an orc wizard

Illustrated notes

Levels and vault maps discovered:
D:1:      scummos_arrival_checkerplants, layout_basic, serial_corexii_hall,
          corexii_hall_statues_u, corexii_hall_statues_x, chequers_big_river,
          minmay_rat_gold_closets
D:2:      layout_basic
D:3:      layout_basic, lemuel_round_altar, gammafunk_ghost_grave
D:4:      cheibrodos_fertilizer, layout_basic, lemuel_round_altar

Skill      XL: |  1  2  3  4  5 |
---------------+----------------+-----
Spellcasting   | 3 4 |  4.0
Conjurations   | 5 |  5.5
Dodging        | |  1.7
Stealth        | |  1.7

Action                     |  1- 3 |  4- 6 || total
---------------------------+-------+-------++-------
  Melee: Unarmed           |    35 |       ||    35
   Cast: Magic Dart        |    99 |    30 ||   129
    Use: Potion            |       |     1 ||     1
 Armour: Robe              |    12 |       ||    12
  Dodge: Dodged            |    21 |    11 ||    32

Table legend: (Time is in decaauts)
 A = Elapsed time spent in this place.
 B = Non-inter-level travel time spent in this place.
 C = Inter-level travel time spent in this place.
 D = Time resting spent in this place.
 E = Time spent auto-exploring this place.
 F = Levels seen in this place.
 G = Mean time per level.
                   A        B        C        D        E       F      G
               +--------+--------+--------+--------+--------+-----+--------+
         Total |   3291 |   3216 |     75 |      0 |   2891 |   4 |  822.8 |
       Dungeon |   3291 |   3216 |     75 |      0 |   2891 |   4 |  822.8 |
               +--------+--------+--------+--------+--------+-----+--------+

Top non-repeatable levels by time:
     D:1: 1093 daAuts
     D:2: 1068 daAuts
     D:3: 842 daAuts
     D:4: 287 daAuts
